 Dungeon Crawl Stone Soup version 0.21.1-1-g345015f (webtiles) character file.

1668 tidbits the Digger (level 9, 56/65 HPs)
             Began as a Gnoll Earth Elementalist on Mar 31, 2018.
             Quit the game on level 8 of the Dungeon.
             The game lasted 00:13:59 (1416 turns).

tidbits the Digger (Gnoll Earth Elementalist)       Turns: 1416, Time: 00:14:00

Health: 56/65      AC:  2    Str: 15    XL:     9   Next: 1%
Magic:  15/18      EV: 16    Int: 21    God:
Gold:   142        SH:  0    Dex: 15    Spells: 13/20 levels left

rFire    . . .     SeeInvis +   a - +0 dagger
rCold    . . .     Gourm    .   (no shield)
rNeg     . . .     Faith    .   c - +0 robe
rPois    .         Spirit   .   (no helmet)
rElec    .         Reflect  .   (no cloak)
rCorr    .         Harm     .   (no gloves)
MR       .....                  (no boots)
Stlth    +++.......             u - amulet of magic regeneration
HPRegen  0.20/turn              w - +4 ring of strength
MPRegen  0.41/turn              v - ring of see invisible

@: no status effects
A: distributed training, fangs 1, strong nose
a: no special abilities


You were on level 8 of the Dungeon.
You were hungry.

You visited 1 branch of the dungeon, and saw 8 of its levels.

You collected 142 gold pieces.

Inventory:

Hand Weapons
 a - a +0 dagger (weapon)
 h - a +0 hunting sling
 m - a +0 short sword
 q - a +0 scythe
Missiles
 l - 27 sling bullets
 n - 8 tomahawks
 y - 16 stones (quivered)
Armour
 c - a +0 robe (worn)
Magical Staves
 p - an uncursed staff of air
   (You found it on level 2 of the Dungeon)
Jewellery
 o - a +3 amulet of reflection
   (You found it on level 2 of the Dungeon)
 u - an amulet of magic regeneration (around neck)
   (You found it on level 5 of the Dungeon)
 v - a ring of see invisible (right hand)
   (You found it on level 6 of the Dungeon)
 w - a +4 ring of strength (left hand)
   (You found it on level 1 of the Dungeon)
Wands
 r - a wand of iceblast (2)
 z - a wand of clouds (5)
Scrolls
 b - a scroll of blinking
 f - a scroll of enchant armour
 i - a scroll of identify
 x - a scroll of remove curse
Potions
 g - a potion of agility
 j - a potion of brilliance
 k - 2 potions of flight
Books
 e - a book of Geomancy

   Spells                             Type                      Level
   a - Sandblast                      Earth                        1
   b - Passwall                       Transmutation/Earth          2
   c - Stone Arrow                    Conjuration/Earth            3
   d - Petrify                        Transmutation/Earth          4
   e - Lee's Rapid Deconstruction     Earth                        5
 s - a book of Minor Magic
   (You found it on level 5 of the Dungeon)

   Spells                             Type                      Level
   a - Magic Dart                     Conjuration                  1
   b - Blink                          Translocation                2
   c - Call Imp                       Summoning                    2
   d - Slow                           Hexes                        2
   e - Conjure Flame                  Conjuration/Fire             3
   f - Mephitic Cloud                 Conjuration/Poison/Air       3
 t - a book of Cantrips
   (You found it on level 5 of the Dungeon)

   Spells                             Type                      Level
   a - Confusing Touch                Hexes                        1
   b - Animate Skeleton               Necromancy                   1
   c - Summon Small Mammal            Summoning                    1
   d - Apportation                    Translocation                1
Comestibles
 d - 4 rations


   Skills:
 + Level 3.7 Fighting
 + Level 3.7 Short Blades
 + Level 3.7 Long Blades
 + Level 3.7 Axes
 + Level 3.7 Maces & Flails
 + Level 3.7 Polearms
 + Level 3.7 Staves
 + Level 3.7 Slings
 + Level 3.7 Bows
 + Level 3.7 Crossbows
 + Level 3.7 Throwing
 + Level 3.7 Armour
 + Level 5.9 Dodging
 + Level 5.6 Stealth
 + Level 3.7 Shields
 + Level 3.7 Unarmed Combat
 + Level 6.3 Spellcasting
 + Level 3.0 Conjurations
 + Level 3.0 Hexes
 + Level 3.0 Charms
 + Level 3.0 Summonings
 + Level 3.0 Necromancy
 + Level 3.0 Translocations
 + Level 3.7 Transmutations
 + Level 3.0 Fire Magic
 + Level 3.0 Ice Magic
 + Level 3.0 Air Magic
 + Level 6.3 Earth Magic
 + Level 3.0 Poison Magic
 + Level 4.0 Invocations
 + Level 3.7 Evocations


You had 13 spell levels left.
You knew the following spells:

 Your Spells              Type           Power        Failure   Level  Hunger
a - Sandblast             Erth           ####..       1%          1    None
j - Stone Arrow           Conj/Erth      ####..       4%          3    #......
p - Passwall              Tmut/Erth      ####......   1%          2    None
A - Apportation           Tloc           ###...       2%          1    None


Dungeon Overview and Level Annotations

Branches:
Dungeon (8/15)
 Temple: D:4-7         Lair: D:8-11

Altars:
Xom


Innate Abilities, Weirdness & Mutations

Your experience applies equally to all skills.
You have very sharp teeth.
Your uncanny sense of smell can sniff out nearby items.


Message History

Press: ? - help, Shift-Dir - straight line, f/p - hungry ghost
Aim: a hungry ghost The blast of sand hits the centaur warrior zombie.
The centaur warrior zombie is almost destroyed.
y - 23 stones The centaur warrior zombie barely misses you.
Casting: Sandblast
Confirm with . or Enter, or press ? or * to list all spells.
Aiming: Sandblast
Press: ? - help, Shift-Dir - straight line, f/p - hungry ghost
Aim: a hungry ghost The blast of sand hits the hungry ghost.
The hungry ghost is heavily damaged.
y - 22 stones
Casting: Sandblast
Confirm with . or Enter, or press ? or * to list all spells.
Aiming: Sandblast
Press: ? - help, Shift-Dir - straight line, f/p - hungry ghost
Aim: a hungry ghost (heavily damaged)
The blast of sand hits the hungry ghost.
The hungry ghost is almost destroyed.
y - 21 stones The hungry ghost barely misses you.
Casting: Sandblast
Confirm with . or Enter, or press ? or * to list all spells.
Aiming: Sandblast
Press: ? - help, Shift-Dir - straight line, f/p - hungry ghost
Aim: a hungry ghost (almost destroyed)
The blast of sand hits the hungry ghost.
You destroy the hungry ghost!
y - 20 stones
Casting: Sandblast
Confirm with . or Enter, or press ? or * to list all spells.
Aiming: Sandblast
Press: ? - help, Shift-Dir - straight line, f - centaur warrior zombie
Aim: a centaur warrior zombie (almost destroyed)
The blast of sand hits the centaur warrior zombie.
You destroy the centaur warrior zombie!
Your Conjurations skill increases to level 3!
Your Hexes skill increases to level 3!
Your Charms skill increases to level 3!
Your Summonings skill increases to level 3!
Your Necromancy skill increases to level 3!
Your Translocations skill increases to level 3!
Your Fire Magic skill increases to level 3!
Your Ice Magic skill increases to level 3!
Your Air Magic skill increases to level 3!
Your Poison Magic skill increases to level 3!
Your Invocations skill increases to level 4!
You have reached level 9!
Your experience leads to an increase in your attributes!
Your base attributes are Str 11, Int 20, Dex 15.
Increase (S)trength, (I)ntelligence, or (D)exterity?
You feel clever.
y - 19 stones A shadow imp and a zombie come into view.
As you open the door, it creaks loudly!
You hear a shout! x2
You hear a chilling moan.
The shadow imp grinds its teeth.
There is an open door here.
A hellwing and a zombie come into view.
Casting: Sandblast
Confirm with . or Enter, or press ? or * to list all spells.
Aiming: Sandblast
Press: ? - help, Shift-Dir - straight line, f - shadow imp
Aim: a shadow imp The blast of sand misses the shadow imp.
y - 18 stones The centaur warrior zombie misses you.
Casting: Sandblast
Confirm with . or Enter, or press ? or * to list all spells.
Aiming: Sandblast
Press: ? - help, Shift-Dir - straight line, f/p - shadow imp
Aim: a shadow imp The blast of sand hits the shadow imp.
The shadow imp is severely wounded.
y - 17 stones The centaur warrior zombie misses you.
The shadow imp hits you.
Casting: Sandblast
Confirm with . or Enter, or press ? or * to list all spells.
Aiming: Sandblast
Press: ? - help, Shift-Dir - straight line, f/p - shadow imp
Aim: a shadow imp (heavily wounded)
The blast of sand hits the shadow imp.
You kill the shadow imp!
y - 16 stones The centaur warrior zombie hits you.
A shadow imp comes into view.
Okay, then.
Okay, then.
Okay, then.
Unknown command.
Unknown command.
The hellwing swoops through the air toward you!
The hellwing closely misses you. x2
The centaur warrior zombie closely misses you.
You closely miss the hellwing. The hellwing barely misses you.
The hellwing closely misses you. The centaur warrior zombie hits you.
The centaur warrior zombie barely misses you.
Unknown command.
Are you sure you want to abandon this character and quit the game? (Confirm with "yes".)

........#....#....8....
........#.####.........8
............(...5.....8.
.............#'#........
..........###.......8..P
......................##
.)......................
................ZZ..##.
..#.......###...@...#
..#####.#.......4...#
..# #.#.......##### ..#
........# ....##### ....
...


You could see a hellwing, a shadow imp and 2 centaur warrior zombies.

Vanquished Creatures
  A centaur zombie (D:8)
  The ghost of DrClinical the Poker, an amateur HOFi (D:4)
  Sigmund (D:2)
  A hungry ghost (D:8)
  A black bear (D:7)
  A phantom (D:4)
  2 sky beasts
  An ogre (D:4)
  2 crimson imps
  3 hounds (D:5)
  An iguana (D:5)
  3 worker ants
  A hound zombie (D:8)
  7 adders
  3 gnolls (D:4)
  A shadow imp (D:8)
  An adder skeleton (D:4)
  A worm (D:4)
  A dart slug (D:2)
  An orc (D:5)
  A ball python (D:4)
  2 giant cockroaches
  3 goblins
  4 hobgoblins (D:3)
  A quokka (D:3)
  8 bats
  2 frilled lizards
  3 kobolds
  A quokka zombie (D:5)
59 creatures vanquished.

Notes
Turn   | Place    | Note
-------+----------+-------------------------------------------
     0 | D:1      | tidbits the Gnoll Earth Elementalist began the quest for the Orb.
     0 | D:1      | Reached XP level 1. HP: 13/13 MP: 6/6
   145 | D:2      | Reached skill level 2 in Transmutations
   307 | D:2      | Reached XP level 2. HP: 19/19 MP: 4/7
   312 | D:2      | Learned a level 2 spell: Passwall
   418 | D:2      | Noticed Sigmund
   429 | D:2      | Killed Sigmund
   429 | D:2      | Reached skill level 1 in Fighting
   429 | D:2      | Reached skill level 1 in Short Blades
   429 | D:2      | Reached skill level 1 in Long Blades
   429 | D:2      | Reached skill level 1 in Axes
   429 | D:2      | Reached skill level 1 in Maces & Flails
   429 | D:2      | Reached skill level 1 in Polearms
   429 | D:2      | Reached skill level 1 in Staves
   429 | D:2      | Reached skill level 1 in Slings
   429 | D:2      | Reached skill level 1 in Bows
   429 | D:2      | Reached skill level 1 in Crossbows
   429 | D:2      | Reached skill level 1 in Throwing
   429 | D:2      | Reached skill level 1 in Armour
   429 | D:2      | Reached skill level 1 in Shields
   429 | D:2      | Reached skill level 1 in Unarmed Combat
   429 | D:2      | Reached skill level 5 in Spellcasting
   429 | D:2      | Reached skill level 1 in Conjurations
   429 | D:2      | Reached skill level 1 in Hexes
   429 | D:2      | Reached skill level 1 in Charms
   429 | D:2      | Reached skill level 1 in Summonings
   429 | D:2      | Reached skill level 1 in Necromancy
   429 | D:2      | Reached skill level 1 in Translocations
   429 | D:2      | Reached skill level 1 in Fire Magic
   429 | D:2      | Reached skill level 1 in Ice Magic
   429 | D:2      | Reached skill level 1 in Air Magic
   429 | D:2      | Reached skill level 1 in Poison Magic
   429 | D:2      | Reached skill level 1 in Invocations
   429 | D:2      | Reached skill level 1 in Evocations
   429 | D:2      | Reached XP level 3. HP: 21/26 MP: 1/9
   429 | D:2      | Reached XP level 4. HP: 26/32 MP: 1/11
   429 | D:2      | Reached XP level 5. HP: 30/37 MP: 1/12
   437 | D:2      | You fall through a shaft!
   440 | D:3      | Found a shimmering altar of Xom.
   440 | D:3      | Found a shimmering altar of Xom.
   440 | D:3      | Found a shimmering altar of Xom.
   445 | D:3      | Found a shimmering altar of Xom.
   446 | D:3      | Found a shimmering altar of Xom.
   448 | D:3      | Found a shimmering altar of Xom.
   534 | D:4      | Noticed a phantom
   580 | D:4      | Killed a phantom
   580 | D:4      | Reached skill level 2 in Invocations
   580 | D:4      | Reached XP level 6. HP: 16/44 MP: 0/14
   680 | D:4      | Reached skill level 5 in Dodging
   685 | D:4      | Reached skill level 2 in Fighting
   685 | D:4      | Reached skill level 2 in Short Blades
   685 | D:4      | Reached skill level 2 in Long Blades
   685 | D:4      | Reached skill level 2 in Axes
   685 | D:4      | Reached skill level 2 in Maces & Flails
   685 | D:4      | Reached skill level 2 in Polearms
   685 | D:4      | Reached skill level 2 in Staves
   685 | D:4      | Reached skill level 2 in Slings
   685 | D:4      | Reached skill level 2 in Bows
   685 | D:4      | Reached skill level 2 in Crossbows
   685 | D:4      | Reached skill level 2 in Throwing
   685 | D:4      | Reached skill level 2 in Armour
   685 | D:4      | Reached skill level 2 in Shields
   685 | D:4      | Reached skill level 2 in Unarmed Combat
   685 | D:4      | Reached skill level 2 in Evocations
   780 | D:5      | Entered Level 5 of the Dungeon
   792 | D:5      | Noticed a sky beast
   799 | D:5      | Killed a sky beast
   799 | D:5      | Reached XP level 7. HP: 39/50 MP: 10/15
   870 | D:5      | Reached skill level 2 in Conjurations
   870 | D:5      | Reached skill level 2 in Hexes
   870 | D:5      | Reached skill level 2 in Charms
   870 | D:5      | Reached skill level 2 in Summonings
   870 | D:5      | Reached skill level 2 in Necromancy
   870 | D:5      | Reached skill level 2 in Translocations
   870 | D:5      | Reached skill level 2 in Fire Magic
   870 | D:5      | Reached skill level 2 in Ice Magic
   870 | D:5      | Reached skill level 2 in Air Magic
   870 | D:5      | Reached skill level 2 in Poison Magic
   872 | D:5      | Reached skill level 3 in Transmutations
   916 | D:5      | Learned a level 1 spell: Apportation
  1041 | D:4      | Reached skill level 5 in Stealth
  1070 | D:4      | Noticed DrClinical's ghost (amateur HOFi)
  1108 | D:4      | Killed DrClinical's ghost
  1108 | D:4      | Reached skill level 6 in Earth Magic
  1108 | D:4      | Reached skill level 3 in Invocations
  1108 | D:4      | Reached XP level 8. HP: 27/57 MP: 7/16
  1176 | D:6      | Learned a level 3 spell: Stone Arrow
  1253 | D:7      | Reached skill level 3 in Fighting
  1253 | D:7      | Reached skill level 3 in Short Blades
  1253 | D:7      | Reached skill level 3 in Long Blades
  1253 | D:7      | Reached skill level 3 in Axes
  1253 | D:7      | Reached skill level 3 in Maces & Flails
  1253 | D:7      | Reached skill level 3 in Polearms
  1253 | D:7      | Reached skill level 3 in Staves
  1253 | D:7      | Reached skill level 3 in Slings
  1253 | D:7      | Reached skill level 3 in Bows
  1253 | D:7      | Reached skill level 3 in Crossbows
  1253 | D:7      | Reached skill level 3 in Throwing
  1253 | D:7      | Reached skill level 3 in Armour
  1253 | D:7      | Reached skill level 3 in Shields
  1253 | D:7      | Reached skill level 3 in Unarmed Combat
  1253 | D:7      | Reached skill level 3 in Evocations
  1297 | D:7      | Reached skill level 6 in Spellcasting
  1400 | D:8      | Reached skill level 3 in Conjurations
  1400 | D:8      | Reached skill level 3 in Hexes
  1400 | D:8      | Reached skill level 3 in Charms
  1400 | D:8      | Reached skill level 3 in Summonings
  1400 | D:8      | Reached skill level 3 in Necromancy
  1400 | D:8      | Reached skill level 3 in Translocations
  1400 | D:8      | Reached skill level 3 in Fire Magic
  1400 | D:8      | Reached skill level 3 in Ice Magic
  1400 | D:8      | Reached skill level 3 in Air Magic
  1400 | D:8      | Reached skill level 3 in Poison Magic
  1400 | D:8      | Reached skill level 4 in Invocations
  1400 | D:8      | Reached XP level 9. HP: 59/65 MP: 12/18
  1409 | D:8      | Noticed a hellwing
  1416 | D:8      | Quit the game

Skill      XL: |  1  2  3  4  5  6  7  8 |
---------------+-------------------------+-----
Transmutations | 2 3 |  3.7
Fighting       | 1 2 3 |  3.7
Short Blades   | 1 2 3 |  3.7
Long Blades    | 1 2 3 |  3.7
Axes           | 1 2 3 |  3.7
Maces & Flails | 1 2 3 |  3.7
Polearms       | 1 2 3 |  3.7
Staves         | 1 2 3 |  3.7
Slings         | 1 2 3 |  3.7
Bows           | 1 2 3 |  3.7
Crossbows      | 1 2 3 |  3.7
Throwing       | 1 2 3 |  3.7
Armour         | 1 2 3 |  3.7
Shields        | 1 2 3 |  3.7
Unarmed Combat | 1 2 3 |  3.7
Spellcasting   | 5 6 |  6.3
Conjurations   | 1 2 3 |  3.0
Hexes          | 1 2 3 |  3.0
Charms         | 1 2 3 |  3.0
Summonings     | 1 2 3 |  3.0
Necromancy     | 1 2 3 |  3.0
Translocations | 1 2 3 |  3.0
Fire Magic     | 1 2 3 |  3.0
Ice Magic      | 1 2 3 |  3.0
Air Magic      | 1 2 3 |  3.0
Poison Magic   | 1 2 3 |  3.0
Invocations    | 1 2 3 4 |  4.0
Evocations     | 1 2 3 |  3.7
Dodging        | 5 |  5.9
Stealth        | 5 |  5.6
Earth Magic    | 6 |  6.3

Action                   |  1- 3 |  4- 6 |  7- 9 || total
-------------------------+-------+-------+-------++-------
Melee: Dagger            |     3 |     8 |    10 ||    21
       Scythe            |       |    26 |     6 ||    32
       Bite              |       |     2 |       ||     2
       Unarmed           |       |       |     6 ||     6
Throw: Tomahawk          |       |       |     2 ||     2
 Cast: Sandblast         |    20 |    31 |    61 ||   112
       Passwall          |       |       |     2 ||     2
       Stone Arrow       |       |       |     6 ||     6
Evoke: Wand              |       |       |     7 ||     7
  Use: Scroll            |       |     5 |     1 ||     6
       Potion            |       |       |     5 ||     5
 Stab: Sleeping          |     1 |     1 |     4 ||     6
  Eat: Chunk             |       |       |     1 ||     1
Armor: Robe              |       |     6 |     4 ||    10
       Skin              |       |       |    17 ||    17
Dodge: Dodged            |    12 |    29 |    46 ||    87
Block: Other             |       |     3 |     4 ||     7

Table legend:
 A = Turns spent in this place as a percentage of turns spent in the entire game.
 B = Non-inter-level travel turns spent in this place as a percentage of non-inter-level travel turns spent in the entire game.
 C = Inter-level travel turns spent in this place as a percentage of turns spent in this place.
 D = Turns resting spent in this place as a percentage of non-inter-level travel turns spent in this place.
 E = Turns spent auto-exploring this place as a percentage of non-inter-level travel turns spent in this place.
 F = Non-inter-level travel turns spent in this place divided by the number of levels of this place that you've seen.
                   A       B       C       D       E      F
               +-------+-------+-------+-------+-------+----------------------
         Total | 100.0 | 100.0 |   0.0 |   0.0 |   0.0 | 177.0
       Dungeon | 100.0 | 100.0 |   0.0 |   0.0 |   0.0 | 177.0
               +-------+-------+-------+-------+-------+----------------------

Table legend:
 A = Kills in this place as a percentage of kills in entire the game.
 B = Kills by you in this place as a percentage of kills by you in the entire game.
 C = Kills by friends in this place as a percentage of kills by friends in the entire game.
 D = Other kills in this place as a percentage of other kills in the entire game.
 E = Experience gained in this place as a percentage of experience gained in the entire game.
 F = Experience gained in this place divided by the number of levels of this place that you have seen.
                   A       B       C       D       E      F
               +-------+-------+-------+-------+-------+----------------------
         Total | 100.0 | 100.0 |   N/A |   N/A | 100.0 | 297.9
       Dungeon | 100.0 | 100.0 |   N/A |   N/A | 100.0 | 297.9
               +-------+-------+-------+-------+-------+----------------------

Vault maps used:
D:1:      evilmike_arrival_fibonacci_small
D:2:      uniq_sigmund
D:3:      first_ration, hangedman_decor_push, xom_redecorated
D:5:      minmay_temple_entry_large_hall, uniq_crazy_yiuf_cottage
D:6:      minivault_22
D:7:      minitemple
D:8:      cheibrodos_grave_circle, david_lair_generic, kennysheep_windowed_goal,
          uniq_psyche
